 Dungeon Sprint DCSS version 0.21-a0-437-ge5bf024 (webtiles) character file.

373 mastercheaf21 the Bludgeoner (level 6, -5/51 HPs)
             Began as a Minotaur Berserker on Nov 9, 2017.
             Was an Elder of Trog.
             Slain by a wyvern (11 damage)
             ... in the Dungeon (Sprint IX: "|||||||||||||||||||||||||||||").
             The game lasted 00:01:48 (492 turns).

mastercheaf21 the Bludgeoner (Minotaur Berserker)    Turns: 492, Time: 00:01:49

Health: -5/51      AC:  5    Str: 23    XL:     6   Next: 43%
Magic:  5/5        EV: 11    Int:  4    God:    Trog [****..]
Gold:   0          SH:  0    Dex: 10    Spells: 5/5 levels left

rFire    . . .     SeeInvis .   j - +0 morningstar
rCold    . . .     Gourm    .   (no shield)
rNeg     . . .     Faith    .   k - +0 ring mail
rPois    .         Spirit   .   (helmet restricted)
rElec    .         Reflect  .   (no cloak)
rCorr    .         Harm     .   (no gloves)
MR       .....     NoTele   +   (no boots)
Stlth    ..........             (no amulet)
HPRegen  0.17/turn              (no ring)
MPRegen  0.09/turn              (no ring)

@: no status effects
A: retaliatory headbutt, horns 2
a: Berserk, Trog's Hand, Brothers in Arms, Burn Spellbooks, Renounce Religion


You were in the Dungeon.
You worshipped Trog.
Trog was greatly pleased with you.
You were not hungry.

You visited 1 branch

Inventory:

Hand Weapons
 a - a +0 mace
 j - a +0 morningstar (weapon)
Armour
 b - a +0 animal skin
 k - a +0 ring mail (worn)
Jewellery
 o - a +3 ring of dexterity
 p - a +2 ring of evasion
Wands
 n - a wand of acid (7/15)
Scrolls
 i - 2 scrolls of blinking
 m - 3 scrolls of remove curse
Potions
 d - 5 potions of curing
 e - 3 potions of heal wounds
 f - a potion of haste
 g - 4 potions of magic
 h - a potion of berserk rage
 l - a potion of invisibility
Comestibles
 c - a bread ration


   Skills:
 - Level 3.6 Fighting
 + Level 15.8 Maces & Flails
 - Level 2.4 Armour
 - Level 2.1 Dodging


You had 5 spell levels left.
You didn't know any spells.

Dungeon Overview and Level Annotations

Branches:
Dungeon (1/1)

Altars:
Cheibriados
Dithmenos
Elyvilon
Fedhas
Gozag
Hepliaklqana
Kikubaaqudgha
Makhleb
Nemelex Xobeh
Okawaru
Qazlal
Ru
Sif Muna
Trog
Uskayaw
Vehumet
Wu Jian
Xom
Yredelemnul
Zin
The Shining One
Beogh
Jiyva
Lugonu


Innate Abilities, Weirdness & Mutations

You reflexively headbutt those who attack you in melee.
You have a pair of horns on your head.


Message History

The crimson imp closely misses you. You furiously retaliate!
You headbutt the crimson imp! You barely miss the crimson imp.
The crimson imp is severely wounded.
The wyvern barely misses you. The crimson imp hits you.
* * * LOW HITPOINT WARNING * * *
You closely miss the wyvern. The wyvern closely misses you.
The crimson imp closely misses you.
You barely miss the wyvern. You headbutt the wyvern!
The wyvern is moderately wounded.
The wyvern bites you!
* * * LOW HITPOINT WARNING * * *
You puncture the wyvern! You headbutt the wyvern.
The wyvern is severely wounded.
The wyvern closely misses you.
The crimson imp hits you but does no damage.
You hit the wyvern.
The wyvern is almost dead.
The wyvern bites you!
You die...

▓+▓
▓.▓
▓.▓
▓{▓
▓y▓
▓l▓
▓@▓
▓5▓
▓.▓
▓.▓
▓[▓
▓[▓
▓[▓
▓)▓
▓|▓


You could see a wyvern, a killer bee and a crimson imp.

Vanquished Creatures
  A hippogriff (D)
  An ogre (D)
  A howler monkey (D)
  A crimson imp (D)
  A worker ant (D)
  An adder zombie (D)
  An orc (D)
  A goblin (D)
  A hobgoblin (D)
  A jackal (D)
  A kobold (D)
  A rat (D)
12 creatures vanquished.

Notes
Turn   | Place    | Note
-------+----------+-------------------------------------------
     0 | D        | mastercheaf21 the Minotaur Berserker began the quest for the Orb.
     0 | D        | Reached XP level 1. HP: 19/19 MP: 0/0
     4 | D        | Reached skill level 4 in Maces & Flails
     7 | D        | Reached ** piety under Trog
     7 | D        | Reached skill level 5 in Maces & Flails
    18 | D        | Noticed a howler monkey
    18 | D        | Noticed a crimson imp
    18 | D        | Noticed a worker ant
    22 | D        | Reached skill level 6 in Maces & Flails
    22 | D        | Reached XP level 2. HP: 12/26 MP: 1/1
    30 | D        | Reached *** piety under Trog
    30 | D        | Reached skill level 8 in Maces & Flails
    30 | D        | Reached XP level 3. HP: 7/31 MP: 2/2
    37 | D        | Reached skill level 10 in Maces & Flails
    37 | D        | Reached XP level 4. HP: 4/39 MP: 3/3
    45 | D        | Reached skill level 11 in Maces & Flails
   432 | D        | Found a roughly hewn altar of Beogh.
   432 | D        | Found a snail-covered altar of Cheibriados.
   432 | D        | Found a shadowy altar of Dithmenos.
   432 | D        | Found a white marble altar of Elyvilon.
   432 | D        | Found a blossoming altar of Fedhas.
   432 | D        | Found an opulent altar of Gozag.
   433 | D        | Found a hazy altar of Hepliaklqana.
   434 | D        | Found a viscous altar of Jiyva.
   435 | D        | Found an ancient bone altar of Kikubaaqudgha.
   436 | D        | Found a corrupted altar of Lugonu.
   437 | D        | Found a burning altar of Makhleb.
   438 | D        | Found a sparkling altar of Nemelex Xobeh.
   439 | D        | Found an iron altar of Okawaru.
   440 | D        | Found a stormy altar of Qazlal.
   441 | D        | Found a sacrificial altar of Ru.
   442 | D        | Found a deep blue altar of Sif Muna.
   443 | D        | Found a bloodstained altar of Trog.
   444 | D        | Found a hide-covered altar of Uskayaw.
   445 | D        | Found a radiant altar of Vehumet.
   446 | D        | Found an ornate altar of the Wu Jian Council.
   447 | D        | Found a shimmering altar of Xom.
   448 | D        | Found a basalt altar of Yredelemnul.
   449 | D        | Found a glowing silver altar of Zin.
   450 | D        | Found a glowing golden altar of the Shining One.
   474 | D        | Noticed a vampire
   474 | D        | Noticed a wyvern
   474 | D        | Noticed a hippogriff
   474 | D        | Noticed an ogre
   477 | D        | Killed an ogre
   477 | D        | Reached **** piety under Trog
   477 | D        | Reached skill level 13 in Maces & Flails
   477 | D        | Reached XP level 5. HP: 45/45 MP: 4/4
   487 | D        | Killed a hippogriff
   487 | D        | Reached skill level 15 in Maces & Flails
   487 | D        | Reached XP level 6. HP: 14/51 MP: 5/5
   492 | D        | Slain by a wyvern

Vault maps used:
D:        linesprint

Skill      XL: |  1  2  3  4  5 |
---------------+----------------+-----
Maces & Flails | 6 8 10 13 15 | 15.8
Fighting       | |  3.6
Armour         | |  2.4
Dodging        | |  2.1

Action                   |  1- 3 |  4- 6 || total
-------------------------+-------+-------++-------
Melee: Mace              |    26 |     4 ||    30
       Headbutt          |     6 |     7 ||    13
       Morningstar       |       |    16 ||    16
Armor: Animal skin       |     1 |       ||     1
       Ring mail         |       |     6 ||     6
Dodge: Dodged            |    16 |    13 ||    29

Table legend:
 A = Spawn XP
 B = Non-spawn XP
 C = Spawn XP percentage of total XP
 D = Spawn monster count
 E = Non-spawn monster count
 F = Spawn count percentage of total count
 G = Total turns spent on level
                    A         B        C        D         E        F      G
               +---------+---------+-------+---------+---------+-------+---------
         Total |       0 |     534 |   0.0 |       0 |      12 |   0.0 |   492
               +---------+---------+-------+---------+---------+-------+---------
             D |       0 |     534 |   0.0 |       0 |      12 |   0.0 |   492
               +---------+---------+-------+---------+---------+-------+---------
